Construct Section Command Post
Selects Australian Defense Battlegroup
Selects Australian Defense Battlegroup
Selects Australian Light Infantry Section
Australian Light Infantry Section
Construct Platoon Command Post
Selects Defensive Tactics
6-pounder Anti-tank Gun Team
Australian Light Infantry Section
Construct Company Command Post
Selects Vehicle Over Repair
Unlock M3 Grant Medium Tanks
6-pounder Anti-tank Gun Team
Selects CMP 15cwt Supply Run